 Dungeon Crawl Stone Soup version 0.30-a0-622-gddc90eaa04 (webtiles) character file.

Game seed: 1707874820621539212

34 ragingrage the Slasher (level 3, -5/32 HPs)
             Began as a Naga Warper on Jan 10, 2023.
             Slain by Sigmund
             ... wielding a +0 scythe
              (9 damage)
             ... on level 2 of the Dungeon.
             The game lasted 00:01:09 (1274 turns).

ragingrage the Slasher (Naga Warper)                Turns: 1274, Time: 00:01:10

Health: -5/32      AC:  2    Str: 13    XL:     3   Next: 31%
Magic:  6/6        EV:  9    Int: 15    God:
Gold:   50         SH:  0    Dex: 10    Spells: 6/6 levels left

rFire   . . .      SeeInvis +    a - +0 falchion
rCold   . . .      Faith    .    (no shield)
rNeg    . . .      Spirit   .    b - +0 leather armour
rPois   +          Reflect  .    (no helmet)
rElec   .          Harm     .    (no cloak)
rCorr   .          Rampage  .    (no gloves)
Will    .....                    (no barding)
Stlth   +                        (no amulet)
HPRegen 0.25/turn                (no ring)
MPRegen 0.10/turn                (no ring)

@: very slow
A: AC +1, large, see invisible, deformed body, poison resistance, slowness 2,
spit poison 1, naga tail 1
a: Spit Poison


You were on level 2 of the Dungeon.
You visited 1 branch of the dungeon, and saw 2 of its levels.

You collected 50 gold pieces.

Inventory:

Hand Weapons
 a - a +0 falchion (weapon)
 g - a +0 dagger
Missiles
 d - 7 boomerangs of dispersal (quivered)
Armour
 b - a +0 leather armour (worn)
Scrolls
 c - a scroll of blinking
 e - a scroll of identify
 h - a scroll of enchant armour


   Skills:
 - Level 2.0 Fighting
 + Level 3.6 Long Blades
 - Level 0.8 Throwing
 - Level 0.7 Armour
 - Level 1.5 Dodging
 - Level 2.0 Spellcasting
 - Level 3.0 Translocations


You had 6 spell levels left.
You didn't know any spells.
Your spell library contained the following spells:

 Spells                   Type           Power      Damage    Failure   Level
 Blink                    Tloc           20%        N/A       12%         2
 Lesser Beckoning         Tloc           20%        N/A       24%         3
 Teleport Other           Tloc           10%        N/A       24%         3
 Vhi's Electric Charge    Tloc/Air       12%        N/A       41%         3
 Manifold Assault         Tloc           10%        N/A       63%         4


Dungeon Overview and Level Annotations

Branches:
Dungeon (2/15)

Altars:

Annotations:
D:2 Sigmund


Innate Abilities, Weirdness & Mutations

Your serpentine skin is tough. (AC +1)
You have supernaturally acute eyesight. (SInv)
Armour fits poorly on your strangely shaped body.
Your system is resistant to poisons. (rPois)
You cover ground very slowly.
You can spit poison.
You have a snake-like lower body.


Message History

The magic dart hits you!
You miss Sigmund.
Sigmund is moderately wounded.
You feel less invigorated. Sigmund casts a spell at you.
The puff of flame misses you.
You miss Sigmund.
Sigmund is moderately wounded.
Sigmund closely misses you.
You bump into the rock wall.
Sigmund barely misses you.
You hit Sigmund but do no damage.
Sigmund is moderately wounded.
You hit Sigmund. Your punch misses Sigmund.
Sigmund is heavily wounded.
Sigmund hits you but does no damage. Sigmund attacks as you move away!
Sigmund hits you with a +0 scythe. Sigmund barely misses you.
You feel less confused. Sigmund hits you with a +0 scythe.
You closely miss Sigmund.
Sigmund is heavily wounded.
Sigmund hits you but does no damage.
You hit Sigmund.
Sigmund is severely wounded.
Sigmund misses you.
You barely miss Sigmund.
Sigmund is severely wounded.
You barely miss Sigmund.
Sigmund is severely wounded.
Sigmund gestures at you while chanting. The puff of flame hits you!
You hit Sigmund.
Sigmund is almost dead.
Sigmund gestures at you while chanting. The puff of flame hits you!
* * * LOW HITPOINT WARNING * * *
You barely miss Sigmund.
Sigmund is almost dead.
Sigmund hits you with a +0 scythe!
You die...

#. #.........##........#
##.####.###.###........####
........>...........###.# ..
.#.#.........##.##.# #.#
....................#.# #.#
....#.#.........##..#.# #.#
....#.........####..#.# #.#
.......###.##########.###.##
...........KJ@@.# #......#
............###.# ########
............# #...
.....?......# #####
............# ............#
............# ............#
............#


You could see Sigmund, an endoplasm and a kobold.

Vanquished Creatures
  A dart slug (D:1)
  4 ball pythons
  3 endoplasms (D:1)
  2 giant cockroaches (D:1)
  2 goblins (D:1)
  4 hobgoblins (D:1)
  4 jackals (D:1)
  A kobold (D:1)
  A bat (D:1)
  2 frilled lizards (D:1)
  2 rats (D:1)
26 creatures vanquished.

Notes
Turn   | Place    | Note
-------+----------+-------------------------------------------
     0 | D:1      | ragingrage the Naga Warper began the quest for the Orb.
     0 | D:1      | Reached XP level 1. HP: 19/19 MP: 3/3
   219 | D:1      | Reached XP level 2. HP: 5/26 MP: 5/5
   770 | D:1      | Reached XP level 3. HP: 28/32 MP: 6/6
  1239 | D:2      | Noticed Sigmund
  1274 | D:2      | Slain by Sigmund

Illustrated notes

Levels and vault maps discovered:
D:1:      wander_arrival_lonely_grave, layout_loops_corners, grunt_decor_cap
D:2:      layout_basic, uniq_natasha, uniq_sigmund

Skill      XL: |  1  2 |
---------------+-------+-----
Long Blades    | 3 |  3.6
Fighting       | |  2.0
Throwing       | |  0.8
Armour         | |  0.7
Dodging        | |  1.5
Spellcasting   | |  2.0
Translocations | |  3.0

Action                   || total
-------------------------++-------
Melee: Falchion          ||   107
       Punch             ||     1
 Abil: Spit Poison       ||     2
  Use: Scroll            ||     1
       Potion            ||     1
Armor: Leather armour    ||    21
Dodge: Dodged            ||    74

Table legend: (Time is in decaauts)
 A = Elapsed time spent in this place.
 B = Non-inter-level travel time spent in this place.
 C = Inter-level travel time spent in this place.
 D = Time resting spent in this place.
 E = Time spent auto-exploring this place.
 F = Levels seen in this place.
 G = Mean time per level.
                   A        B        C        D        E       F      G
               +--------+--------+--------+--------+--------+-----+--------+
         Total |   1640 |   1577 |     63 |    216 |   1084 |   2 |  820.0 |
       Dungeon |   1640 |   1577 |     63 |    216 |   1084 |   2 |  820.0 |
               +--------+--------+--------+--------+--------+-----+--------+

Top non-repeatable levels by time:
     D:1: 1467 daAuts
     D:2: 173 daAuts
